 Dungeon Crawl Stone Soup version 0.21-a0-348-ga060c75 (webtiles) character file.

50416 vishdafish the Spear-Bearer (level 14, -1/103 HPs)
             Began as a Demonspawn Skald on Oct 6, 2017.
             Was the Champion of Nemelex Xobeh.
             Slain by a black mamba (13 damage)
             ... on level 6 of the Lair of Beasts.
             The game lasted 00:53:35 (17860 turns).

vishdafish the Spear-Bearer (Demonspawn Skald)     Turns: 17860, Time: 00:53:36

Health: -1/103     AC:  6    Str: 15    XL:     14   Next: 19%
Magic:  20/25      EV: 18    Int: 20    God:    Nemelex Xobeh [******]
Gold:   878        SH:  9    Dex: 18    Spells: 6/28 levels left

rFire    + . .     SeeInvis .   G - +9 spear "Riwnaoqa" {venom, Dex+3}
rCold    + + .     Gourm    .   B - +1 buckler
rNeg     . . .     Faith    .   H - +1 robe "Kahaodia" {rPois Str+4 Stlth+}
rPois    +         Spirit   .   (helmet restricted)
rElec    +         Reflect  +   S - scarf of Trog's Wrath {rElec rC++}
rCorr    .         Harm     .   (no gloves)
MR       +....                  (no boots)
Stlth    +++.......             E - +3 amulet of reflection
HPRegen  0.27/turn              y - +1 ring of evasion
MPRegen  0.19/turn              X - +2 ring of dexterity

@: singing, very slightly contaminated
A: claws 2, horns 1, thin metallic scales 3, deformed body, demonic guardian 1,
fire resistance 1, mutation resistance 1, powered by death 1
a: Triple Draw, Deal Four, Stack Five, Renounce Religion


You were on level 6 of the Lair of Beasts.
You worshipped Nemelex Xobeh.
Nemelex Xobeh was exalted by your worship.
You were hungry.

You visited 3 branches of the dungeon, and saw 18 of its levels.

You collected 1104 gold pieces.
You spent 226 gold pieces at shops.

Inventory:

Hand Weapons
 G - the +9 spear "Riwnaoqa" (weapon) {venom, Dex+3}
   (You took it off an orc on level 6 of the Dungeon)

   It poisons the flesh of those it strikes.
   It affects your dexterity (+3).
Armour
 x - a +2 helmet
 B - a +1 buckler (worn)
 H - the +1 robe "Kahaodia" (worn) {rPois Str+4 Stlth+}
   (You found it on level 6 of the Lair of Beasts)

   It affects your strength (+4).
   It protects you from poison.
   It makes you more stealthy.
 N - a +2 robe of cold resistance
 S - the scarf of Trog's Wrath (worn) {rElec rC++}
   (You acquired it on level 5 of the Lair of Beasts)

   It greatly protects you from cold.
   It insulates you from electricity.
Jewellery
 y - a +1 ring of evasion (left claw)
 C - an uncursed ring of protection from magic
 E - a +3 amulet of reflection (around neck)
 X - a +2 ring of dexterity (right claw)
Wands
 R - a wand of flame (9/48)
Scrolls
 e - 2 scrolls of amnesia
 i - 4 scrolls of enchant weapon
 m - 5 scrolls of teleportation
 n - 4 scrolls of enchant armour
 o - 9 scrolls of magic mapping
 s - a scroll of fear
 u - 3 scrolls of recharging
 v - a scroll of brand weapon
 O - 2 scrolls of remove curse
 T - a scroll of fog
 Z - a scroll of silence
Potions
 g - 4 potions of magic
 j - 2 potions of heal wounds
 k - a potion of resistance
 l - 4 potions of curing
 t - a potion of cancellation
 w - 3 potions of might
 D - a potion of haste
 F - 2 potions of flight
 J - a potion of ambrosia
 K - 2 potions of berserk rage
 P - a potion of mutation {unknown}
 Q - 3 potions of brilliance
Books
 a - a book of Misfortune

   Spells                             Type                      Level
   a - Confusing Touch                Hexes                        1
   b - Confuse                        Hexes                        3
   c - Gell's Gravitas                Translocation                3
   d - Petrify                        Transmutation/Earth          4
   e - Metabolic Englaciation         Hexes/Ice                    5
   f - Yara's Violent Unravelling     Hexes/Transmutation          5
 c - a book of Battle

   Spells                             Type                      Level
   a - Infusion                       Charms                       1
   b - Shroud of Golubria             Charms/Translocation         2
   c - Song of Slaying                Charms                       2
   d - Spectral Weapon                Hexes/Charms                 3
   e - Regeneration                   Charms/Necromancy            3
 W - a book of Minor Magic

   Spells                             Type                      Level
   a - Magic Dart                     Conjuration                  1
   b - Blink                          Translocation                2
   c - Call Imp                       Summoning                    2
   d - Slow                           Hexes                        2
   e - Conjure Flame                  Conjuration/Fire             3
   f - Mephitic Cloud                 Conjuration/Poison/Air       3
Miscellaneous
 b - an ornate deck of summoning
 d - an ornate deck of destruction
 f - an ornate deck of summoning {drawn: 6}
 p - an ornate deck of escape {drawn: 2}
 z - a legendary deck of destruction
 I - an ornate deck of destruction {drawn: 8}
 L - a legendary deck of destruction
 U - an ornate deck of destruction
 V - a legendary deck of destruction
Comestibles
 h - 9 royal jellies
 q - 15 fruits
 r - 7 meat rations
 M - 3 chunks of flesh


   Skills:
 - Level 7.0 Fighting
 * Level 13.2 Polearms
 - Level 1.0 Armour
 - Level 7.2 Dodging
 - Level 4.0 Shields
 - Level 7.5 Spellcasting
 - Level 6.8 Conjurations
 - Level 7.2 Charms
 - Level 6.2 Necromancy
 * Level 4.2 Translocations
 - Level 5.5 Invocations


You had 6 spell levels left.
You knew the following spells:

 Your Spells              Type           Power        Failure   Level  Hunger
a - Infusion              Chrm           ####         1%          1    None
b - Song of Slaying       Chrm           #####...     1%          2    None
c - Shroud of Golubria    Chrm/Tloc      ####......   1%          2    None
d - Regeneration          Chrm/Necr      ####......   1%          3    None
e - Spectral Weapon       Hex/Chrm       ###.....     6%          3    None
f - Blink                 Tloc           N/A          2%          2    None
g - Animate Dead          Necr           N/A          7%          4    ###....
h - Control Undead        Necr           ####......   7%          4    ###....
i - Magic Dart            Conj           ####         1%          1    None


Dungeon Overview and Level Annotations

Branches:
Dungeon (11/15)            Temple (1/1) D:4            Lair (6/6) D:9
 Shoals (0/4) Lair:3       Spider (0/4) Lair:2        Slime (0/5) Lair:6
    Orc (0/2) D:10

Altars:
Ashenzari
Dithmenos
Fedhas
Gozag
Kikubaaqudgha
Makhleb
Nemelex Xobeh
Qazlal
Ru
Sif Muna
Trog
Uskayaw
Vehumet
Wu Jian
Xom
Jiyva

Shops:
D:5 *   D:6 =   D:10 (*

Annotations:
D:5 1 transporter


Innate Abilities, Weirdness & Mutations

You have very sharp fingernails.
You are completely covered in thin metallic scales. (AC +4, rElec)
A weak demonic guardian rushes to your aid.
You regenerate a little health from kills.
You have a pair of small horns on your head.
Armour fits poorly on your strangely shaped body.
Your flesh is heat resistant. (rF+)
You are somewhat resistant to further mutation.


Message History

The eight-headed hydra bites you!
* * * LOW HITPOINT WARNING * * *
The eight-headed hydra completely misses you.
You block the eight-headed hydra's attack.
The crocodile completely misses you. The black mamba completely misses you.
Blink to where?
Press: ? - help, Dir - move target cursor
As you read the scroll of blinking, it crumbles to dust.
You hear an angry hiss.
Vishdafish's illusion's shroud bends something's attack away!
Vishdafish's illusion casts a spell.
Vishdafish's illusion's wounds begin to heal before your eyes!
Your rakshasa blinks!
Found a scroll of identify, 27 gold pieces and a flail.
Evoke which item? (* to show all) (? for menu, Esc to quit)
Okay, then.
A basilisk comes into view.
The black mamba bites you!
You die...
Your body glows with a rainbow of weird colours and disappears.

.................................
.................................
....................@........(...
...........#.#.....#.............
..#P.#.##.....#..##D.............
####.#.<..##.##..#.##...P...P#.#P
# ##..†....# #....#......#..#####
##....8.....#..S.5....$## ## #
##......#....##.@P#..l...# #
#...##....#...#...#....)P.# .#
...######.#......###........ #.
...###.....#...### .....##... .#≈
............... #P......≈≈ ≈.≈
..†.8..<..8.... ..P...≈≈ ≈≈.
..†............. ........≈ ≈≈.
..†..#...###.... #..... ≈≈.
....##....#............. ≈≈.


You could see an eight-headed hydra, a black mamba, the friendly vishdafish's
illusion and a friendly ufetubus.

Vanquished Creatures
  Fannar (Lair:3)
  2 hydras
  A centaur warrior (D:10)
  A two-headed ogre (D:9)
  An unseen horror (D:11)
  A lindwurm (D:10)
  An ugly thing (D:7)
  3 elephants (Lair:6)
  Joseph (D:7)
  5 black mambas
  6 spiny frogs
  A rime drake (Lair:4)
  2 komodo dragons
  A polar bear (Lair:5)
  A hornet (D:10)
  6 dream sheep (Lair:4)
  19 blink frogs
  A vampire (D:10)
  3 wyverns
  20 yaks
  2 basilisks
  A steam dragon (D:9)
  13 porcupines
  11 water moccasins
  2 orc warriors (D:9)
  A necrophage (D:10)
  4 sky beasts
  A black bear (D:8)
  3 ogres
  3 phantoms
  7 wolves
  10 crocodiles
  2 centaurs
  12 bullfrogs
  A water moccasin zombie (D:10)
  2 scorpions (D:9)
  A water moccasin skeleton (D:8)
  5 killer bees (D:10)
  A howler monkey (D:10)
  2 electric eels (Lair:2)
  4 crimson imps
  A bullfrog zombie (D:6)
  A quasit (D:9)
  3 orc priests
  4 hounds
  A centaur zombie (D:7)
  A gnoll shaman (D:4)
  A jelly (D:8)
  2 bullfrog skeletons
  4 orc wizards
  4 iguanas
  Natasha (thrice) (D:2)
  6 worker ants
  12 adders
  6 gnolls
  A howler monkey skeleton (D:8)
  A shadow imp (D:8)
  An adder zombie (D:8)
  3 worms
  A dart slug (D:2)
  9 leopard geckos
  19 orcs
  5 giant cockroaches
  10 goblins
  5 hobgoblins
  2 jackals (D:4)
  6 kobolds
  3 quokkas
  A ball python (D:2)
  10 bats
  8 frilled lizards
  A quokka zombie (D:8)
  11 rats
311 creatures vanquished.

Vanquished Creatures (collateral kills)
  A fire giant (Lair:5)
  3 hydras
  The ghost of p0werm0de the Fighter, a journeyman OpIE of Ru (Lair:1)
  A two-headed ogre (D:10)
  A guardian serpent (D:9)
  2 elephants (Lair:6)
  A black mamba (Lair:4)
  A spiny frog (Lair:4)
  3 blink frogs
  A hippogriff (Lair:2)
  6 dream sheep (Lair:4)
  A wraith (D:10)
  A yak (D:9)
  A water moccasin (Lair:5)
  A porcupine (Lair:4)
  A phantom (D:4)
  2 wolves
  2 ogres
  A centaur (D:6)
  2 bullfrogs
  6 killer bees (D:8)
  A crimson imp (D:9)
  3 orc wizards (D:10)
  A killer bee zombie (D:10)
  A gnoll (D:4)
  9 orcs
  A giant cockroach (D:5)
55 creatures vanquished.

Vanquished Creatures (others)
  A meliai (shapeshifter) (D:7)
  A hound (D:7)
  A ball lightning (D:10)
  18 fungi
  35 plants
56 creatures vanquished.

Grand Total: 422 creatures vanquished

Notes
Turn   | Place    | Note
-------+----------+-------------------------------------------
     0 | D:1      | vishdafish the Demonspawn Skald began the quest for the Orb.
     0 | D:1      | Reached XP level 1. HP: 16/16 MP: 3/3
    14 | D:1      | Reached skill level 1 in Armour
    34 | D:1      | Reached skill level 2 in Polearms
    95 | D:1      | Gained mutation: You are partially covered in thin metallic scales. (AC +2) [demonic ancestry]
    95 | D:1      | Reached XP level 2. HP: 22/22 MP: 5/5
   799 | D:1      | Reached XP level 3. HP: 22/27 MP: 2/6
  1211 | D:2      | Gained mutation: You regenerate a little health from kills. [demonic ancestry]
  1211 | D:2      | Reached XP level 4. HP: 33/33 MP: 7/7
  1279 | D:2      | Reached skill level 3 in Polearms
  1293 | D:2      | Noticed Natasha
  1306 | D:2      | Killed Natasha
  1369 | D:2      | Noticed Natasha
  1377 | D:2      | Killed Natasha
  1706 | D:2      | Noticed Natasha
  1714 | D:2      | Killed Natasha
  1714 | D:2      | Gained mutation: You have sharp fingernails. [demonic ancestry]
  1714 | D:2      | Reached XP level 5. HP: 29/39 MP: 4/9
  1827 | D:3      | Found a shimmering altar of Xom.
  2129 | D:3      | Found a deep blue altar of Sif Muna.
  2340 | D:3      | Found a bloodstained altar of Trog.
  2670 | D:4      | Found a staircase to the Ecumenical Temple.
  2676 | Temple   | Entered the Ecumenical Temple
  2688 | Temple   | Became a worshipper of Nemelex Xobeh the Trickster
  3105 | D:4      | Received a gift from Nemelex Xobeh
  3116 | D:4      | Reached skill level 1 in Invocations
  3279 | D:4      | Gained mutation: A weak demonic guardian rushes to your aid. [demonic ancestry]
  3279 | D:4      | Reached XP level 6. HP: 41/46 MP: 0/10
  3696 | D:4      | Reached skill level 4 in Polearms
  3793 | D:4      | Got a steaming dagger
  3794 | D:4      | Identified the +10 dagger "Dummupy" {freeze, rPois MR+ Stlth+} (You found it on level 4 of the Dungeon)
  4026 | D:5      | Entered Level 5 of the Dungeon
  4090 | D:5      | Found a transporter.
  4094 | D:5      | Noticed a sky beast
  4106 | D:5      | Noticed a green ugly thing
  4108 | D:5      | Killed a sky beast
  4118 | D:5      | Gained mutation: Your flesh is heat resistant. (rF+) [mutagenic meat]
  4119 | D:5      | Gained mutation: Your flesh is cold resistant. (rC+) [mutagenic meat]
  4120 | D:5      | Gained mutation: You have a pair of small horns on your head. [mutagenic meat]
  4122 | D:5      | Gained mutation: You are somewhat resistant to further mutation. [mutagenic meat]
  4126 | D:5      | Found a hide-covered altar of Uskayaw.
  4126 | D:5      | Found a transporter.
  4260 | D:4      | Reached XP level 7. HP: 29/52 MP: 8/11
  4914 | D:5      | Found Mepnel's General Store.
  4923 | D:5      | Bought a scroll of identify for 20 gold pieces
  4923 | D:5      | Bought a scroll of random uselessness for 10 gold pieces
  4943 | D:5      | Reached skill level 5 in Invocations
  5091 | D:5      | Reached * piety under Nemelex Xobeh
  5129 | D:5      | Found an opulent altar of Gozag.
  5242 | D:6      | Received a gift from Nemelex Xobeh
  5296 | D:6      | Found a deep blue altar of Sif Muna.
  5513 | D:6      | Gained mutation: You are mostly covered in thin metallic scales. (AC +3) [demonic ancestry]
  5513 | D:6      | Reached XP level 8. HP: 46/60 MP: 7/12
  5954 | D:6      | Got a smoking spear {venom}
  5964 | D:6      | Identified the +9 spear "Riwnaoqa" {venom, Dex+3} (You took it off an orc on level 6 of the Dungeon)
  6125 | D:6      | Found Rygoav's Jewellery Emporium.
  6128 | D:6      | Bought a +3 amulet of reflection for 172 gold pieces
  6351 | D:7      | Noticed a purple ugly thing
  6468 | D:5      | Noticed an entropy weaver
  6468 | D:5      | a green ugly thing changed into an entropy weaver
  6721 | D:7      | Reached ** piety under Nemelex Xobeh
  6746 | D:7      | Reached skill level 5 in Polearms
  6811 | D:7      | Found a shattered altar of Ashenzari.
  6978 | D:7      | Learned a level 2 spell: Song of Slaying
  6994 | D:7      | Noticed Joseph
  7002 | D:7      | Killed Joseph
  7002 | D:7      | Reached skill level 5 in Fighting
  7002 | D:7      | Reached skill level 5 in Charms
  7158 | D:7      | Received a gift from Nemelex Xobeh
  7319 | D:7      | Killed a purple ugly thing
  7319 | D:7      | Reached XP level 9. HP: 65/68 MP: 15/15
  7356 | D:8      | Noticed a two-headed ogre
  7357 | D:8      | Noticed a glowing shapeshifter
  7357 | D:8      | a two-headed ogre changed into a glowing shapeshifter
  7358 | D:8      | Noticed a polar bear
  7358 | D:8      | a glowing shapeshifter changed into a polar bear
  7360 | D:8      | a polar bear changed into a yak
  7362 | D:8      | Noticed a meliai
  7362 | D:8      | a yak changed into a meliai
  7403 | D:7      | Killed a meliai
  7403 | D:7      | Reached skill level 6 in Polearms
  7689 | D:8      | Lost mutation: Your flesh is cold resistant. (rC+) [mutagenic meat]
  8565 | D:9      | Gained mutation: Armour fits poorly on your strangely shaped body. [mutagenic meat]
  8580 | D:9      | Reached *** piety under Nemelex Xobeh
  8580 | D:9      | Received a gift from Nemelex Xobeh
  8729 | D:9      | Found a blossoming altar of Fedhas.
  8729 | D:9      | Found a shadowy altar of Dithmenos.
  8734 | D:9      | Found a stormy altar of Qazlal.
  8737 | D:9      | Found an ornate altar of the Wu Jian Council.
  8738 | D:9      | Found a faded altar of an unknown god.
  8774 | D:9      | Reached skill level 7 in Polearms
  8774 | D:9      | Reached skill level 5 in Spellcasting
  8789 | D:9      | Noticed a two-headed ogre
  8798 | D:9      | Killed a two-headed ogre
  8798 | D:9      | Reached XP level 10. HP: 41/77 MP: 5/18
  9040 | D:9      | Noticed a guardian serpent
  9047 | D:9      | Killed a guardian serpent
  9095 | D:9      | Reached skill level 8 in Polearms
  9098 | D:9      | Got a scorched brass amulet
  9104 | D:9      | Identified the amulet of Nucuq {+Rage Int+4} (You took it off a crimson imp on level 9 of the Dungeon)
  9366 | D:9      | Reached skill level 9 in Polearms
  9369 | D:9      | Found a staircase to the Lair.
  9497 | D:9      | Found a burning altar of Makhleb.
  9498 | D:9      | Found a radiant altar of Vehumet.
  9564 | D:10     | Entered Level 10 of the Dungeon
  9574 | D:10     | Found Feoblat's General Store.
  9582 | D:10     | Bought a scroll of identify for 24 gold pieces
  9780 | D:10     | Found an ancient bone altar of Kikubaaqudgha.
  9803 | D:10     | Noticed a two-headed ogre
  9814 | D:10     | Killed a two-headed ogre
  9814 | D:10     | Gained mutation: You have very sharp fingernails. [demonic ancestry]
  9814 | D:10     | Reached XP level 11. HP: 84/84 MP: 22/22
  9828 | D:10     | Noticed a centaur warrior
  9836 | D:10     | Killed a centaur warrior
  9843 | D:10     | Learned a level 2 spell: Shroud of Golubria
  9985 | D:10     | Found a sacrificial altar of Ru.
 10052 | D:10     | Noticed an orc knight
 10053 | D:10     | Noticed a lindwurm
 10053 | D:10     | an orc knight changed into a lindwurm
 10061 | D:10     | Killed a lindwurm
 10063 | D:10     | Found a staircase to the Orcish Mines.
 10065 | D:10     | Found Edehogud's Weapon Boutique.
 10085 | D:10     | Received a gift from Nemelex Xobeh
 10147 | D:10     | Reached **** piety under Nemelex Xobeh
 10421 | D:11     | Killed an unseen horror
 10592 | Lair:1   | Entered Level 1 of the Lair of Beasts
 10597 | Lair:1   | Reached skill level 10 in Polearms
 10643 | Lair:1   | Noticed p0werm0de's ghost (journeyman OpIE)
 10653 | Lair:1   | Killed p0werm0de's ghost
 10736 | Lair:1   | Received a gift from Nemelex Xobeh
 11166 | Lair:1   | Received a gift from Nemelex Xobeh
 11546 | Lair:1   | Reached ***** piety under Nemelex Xobeh
 12316 | Lair:2   | Reached skill level 5 in Dodging
 12619 | Lair:2   | Received a gift from Nemelex Xobeh
 12643 | Lair:2   | Noticed a four-headed hydra
 12654 | Lair:2   | Killed a four-headed hydra
 12692 | Lair:2   | Found a hole to the Spider Nest.
 12807 | Lair:2   | Reached skill level 11 in Polearms
 14166 | Lair:3   | Found a staircase to the Shoals.
 14180 | Lair:3   | Received a gift from Nemelex Xobeh
 14275 | Lair:3   | Reached XP level 12. HP: 41/91 MP: 23/23
 14578 | Lair:3   | Learned a level 3 spell: Regeneration
 15123 | Lair:3   | Noticed Fannar
 15144 | Lair:3   | Killed Fannar
 15447 | Lair:4   | Noticed a four-headed hydra
 15454 | Lair:4   | Killed a four-headed hydra
 15599 | Lair:4   | Received a gift from Nemelex Xobeh
 15614 | Lair:4   | Reached skill level 1 in Necromancy
 15649 | Lair:4   | Noticed a seven-headed hydra
 15658 | Lair:4   | Killed a seven-headed hydra
 15837 | Lair:4   | Reached skill level 12 in Polearms
 15986 | Lair:4   | Noticed a seven-headed hydra
 15997 | Lair:4   | Killed a seven-headed hydra
 16379 | Lair:5   | Reached skill level 5 in Necromancy
 16385 | Lair:5   | Reached ****** piety under Nemelex Xobeh
 16727 | Lair:5   | Received a gift from Nemelex Xobeh
 16734 | Lair:5   | Learned a level 3 spell: Spectral Weapon
 16737 | Lair:5   | Learned a level 2 spell: Blink
 16775 | Lair:5   | Identified a scroll of acquirement
 16783 | Lair:5   | Got a translucent scarf
 16794 | Lair:5   | Identified the scarf of Trog's Wrath {rElec rC++} (You acquired it on level 5 of the Lair of Beasts)
 16849 | Lair:5   | Noticed Rupert
 16868 | Lair:5   | Noticed Rupert
 16868 | Lair:5   | Rupert changed into Rupert the fire giant
 16871 | Lair:5   | Killed Rupert the fire giant
 16871 | Lair:5   | Reached skill level 1 in Translocations
 17165 | Lair:5   | Learned a level 4 spell: Animate Dead
 17170 | Lair:5   | Learned a level 4 spell: Control Undead
 17214 | Lair:6   | Entered Level 6 of the Lair of Beasts
 17406 | Lair:6   | Reached XP level 13. HP: 82/96 MP: 24/24
 17410 | Lair:5   | Gained mutation: You are completely covered in thin metallic scales. (AC +4, rElec) [demonic ancestry]
 17410 | Lair:5   | Reached XP level 14. HP: 91/103 MP: 25/25
 17413 | Lair:5   | Learned a level 1 spell: Magic Dart
 17535 | Lair:6   | Reached skill level 13 in Polearms
 17595 | Lair:6   | Got a ripped robe
 17606 | Lair:6   | Identified the +1 robe "Kahaodia" {rPois Str+4 Stlth+} (You found it on level 6 of the Lair of Beasts)
 17642 | Lair:6   | Found a shimmering altar of Xom.
 17713 | Lair:6   | Received a gift from Nemelex Xobeh
 17843 | Lair:6   | Found a viscous altar of Jiyva.
 17843 | Lair:6   | Found a staircase to the Slime Pits.
 17860 | Lair:6   | Slain by a black mamba

Vault maps used:
D:1:      minmay_arrival_split_and_join, serial_corexii_hall,
          corexii_hall_statues_l, corexii_hall_statues_u
D:2:      uniq_natasha
D:3:      led_sif_pool, xom_butterflies, trog_butcher_becter
D:4:      temple_statues, first_bread
D:5:      lemuel_coloured_pillars_altar, gammafunk_temple_overflow_arena,
          serial_shops, nicolae_shop_crystal, st_stairs_11
D:6:      basic_altar, serial_shops, nicolae_shop_behind_doors
D:7:      ashenzari_altar_1, uniq_joseph
D:9:      chequers_temple_overflow_minitemple,
          grunt_temple_overflow_lords_of_destruction,
          grunt_lair_entry_orc_guard_hut, nrook_guardian_serpent_ordinary
D:10:     orc_david_3, serial_shops, shop_fountains, basic_altar,
          hangedman_ru_absence
D:11:     grunt_ogre_cave, kennysheep_flooded_box, nooodl_orcs_dogs
Temple:   nicolae_temple_hex_pool
Lair:2:   dummy_spider_entry, serial_bayou_ford_a, grunt_megastairs_3
Lair:3:   shoals_dummy_entry, portal_ice_cave_entry_pillars_2,
          grunt_megastairs_4, uniq_fannar
Lair:4:   enter_volcano_4, serial_bayou_pond_a, lemuel_fruit_tree
Lair:5:   uniq_rupert
Lair:6:   evilmike_catoblepas_cave, slime_altar_1, basic_altar,
          infiniplex_staircase_pool, grunt_megastairs_5

Skill      XL: |  1  2  3  4  5  6  7  8  9 10 11 12 13 14 |
---------------+-------------------------------------------+-----
Armour         | 1 |  1.0
Polearms       | 2 3 4 5 7 9 11 12 13 | 13.2
Dodging        | 2 3 4 6 7 |  7.2
Charms         | 3 5 7 |  7.2
Spellcasting   | 3 4 5 7 |  7.5
Invocations    | 1 3 5 |  5.5
Fighting       | 3 4 5 6 7 |  7.0
Shields        | 2 4 |  4.0
Necromancy     | 6 |  6.2
Translocations | 1 4 |  4.2
Conjurations   | 6 |  6.8

Action                   |  1- 3 |  4- 6 |  7- 9 | 10-12 | 13-15 || total
-------------------------+-------+-------+-------+-------+-------++-------
Melee: Spear             |   161 |   262 |   270 |   704 |   122 ||  1519
       Headbutt          |       |     2 |    35 |   111 |    28 ||   176
 Cast: Infusion          |     3 |    17 |    16 |     3 |       ||    39
       Song of Slaying   |       |       |     1 |    14 |     5 ||    20
       Shroud of Golubri |       |       |       |    11 |     9 ||    20
       Regeneration      |       |       |       |     8 |     2 ||    10
Evoke: Deck              |       |     1 |     7 |    28 |     7 ||    43
       Wand              |       |       |     1 |     6 |       ||     7
  Use: Scroll            |       |     8 |    11 |    12 |     1 ||    32
       Potion            |       |       |       |     2 |     2 ||     4
 Stab: Sleeping          |     1 |       |     1 |     1 |       ||     3
       Distracted        |       |       |     1 |     6 |       ||     7
       Petrified         |       |       |       |     1 |       ||     1
  Eat: Chunk             |     1 |     9 |    16 |     8 |     2 ||    36
       Bread ration      |       |     1 |     3 |     4 |       ||     8
Armor: Leather armour    |    45 |    45 |    29 |    24 |       ||   143
       Robe              |       |       |       |    17 |    10 ||    27
Dodge: Dodged            |    82 |   107 |   101 |   188 |    49 ||   527
Block: Other             |       |       |     4 |       |       ||     4
       Buckler           |       |       |     9 |   132 |    42 ||   183
       Reflection        |       |       |       |     2 |       ||     2

Table legend:
 A = Spawn XP
 B = Non-spawn XP
 C = Spawn XP percentage of total XP
 D = Spawn monster count
 E = Non-spawn monster count
 F = Spawn count percentage of total count
 G = Total turns spent on level
                    A         B        C        D         E        F      G
               +---------+---------+-------+---------+---------+-------+---------
         Total |       0 |   45525 |   0.0 |       0 |     368 |   0.0 | 17860
               +---------+---------+-------+---------+---------+-------+---------
           D:1 |       0 |      54 |   0.0 |       0 |      28 |   0.0 |   987
           D:2 |       0 |     153 |   0.0 |       0 |      26 |   0.0 |   782
           D:3 |       0 |      53 |   0.0 |       0 |      14 |   0.0 |   867
           D:4 |       0 |     412 |   0.0 |       0 |      23 |   0.0 |  1191
           D:5 |       0 |     470 |   0.0 |       0 |      13 |   0.0 |  1428
           D:6 |       0 |     527 |   0.0 |       0 |      12 |   0.0 |   949
           D:7 |       0 |    2067 |   0.0 |       0 |      20 |   0.0 |   968
           D:8 |       0 |     994 |   0.0 |       0 |      24 |   0.0 |   964
           D:9 |       0 |    5413 |   0.0 |       0 |      43 |   0.0 |  1041
          D:10 |       0 |    3713 |   0.0 |       0 |      36 |   0.0 |   959
          D:11 |       0 |     750 |   0.0 |       0 |       1 |   0.0 |    50
        Temple |       0 |      13 |   0.0 |       0 |       1 |   0.0 |   406
        Lair:1 |       0 |    2166 |   0.0 |       0 |      12 |   0.0 |  1584
        Lair:2 |       0 |    3866 |   0.0 |       0 |      21 |   0.0 |  1922
        Lair:3 |       0 |    3169 |   0.0 |       0 |      13 |   0.0 |  1117
        Lair:4 |       0 |    8115 |   0.0 |       0 |      32 |   0.0 |  1146
        Lair:5 |       0 |    5489 |   0.0 |       0 |      23 |   0.0 |  1067
        Lair:6 |       0 |    8101 |   0.0 |       0 |      26 |   0.0 |   432
               +---------+---------+-------+---------+---------+-------+---------
